 Dungeon Sprint DCSS version 0.27-a0-1189-gb8eb6cee8e (webtiles) character file.

Game seed: 10601321578472141788

5884 mhtbhm the Earth Mage (level 10, -32/50 HPs)
             Began as a Deep Elf Earth Elementalist on May 22, 2021.
             Was the Champion of Vehumet.
             Killed from afar by a deep elf annihilator (77 damage)
             ... with a crystal spear
             ... in the Dungeon (Sprint V: "Ziggurat Sprint").
             The game lasted 00:04:06 (1072 turns).

mhtbhm the Earth Mage (Deep Elf Earth Elementalist) Turns: 1072, Time: 00:04:07

Health: -32/50     AC:  7    Str:  5    XL:     10   Next: 52%
Magic:  17/32      EV: 16    Int: 36    God:    Vehumet [******]
Gold:   0          SH:  0    Dex: 15    Spells: 26/41 levels left

rFire    + . .     SeeInvis .   D - +8 lance "Wyrmbane" {slay drac, rPois rF+ rC+ AC+3}
rCold    + . .     Faith    .   (no shield)
rNeg     . . .     Spirit   .   c - +0 robe
rPois    +         Reflect  .   (no helmet)
rElec    .         Harm     .   x - +1 cloak {Will+}
rCorr    .         Rampage  .   (no gloves)
Will     ++...     NoTele   +   (no boots)
Stlth    ++++......             (no amulet)
HPRegen  0.16/turn              v - +6 ring of intelligence
MPRegen  0.23/turn              w - +6 ring of intelligence

@: no status effects
A: no striking features
a: Renounce Religion


You were in the Dungeon.
You worshipped Vehumet.
Vehumet was exalted by your worship.
You visited 1 branch

Inventory:

Hand Weapons
 D - the +8 lance "Wyrmbane" (weapon) {slay drac, rPois rF+ rC+ AC+3}
   (You found it in the Dungeon)

   It affects your AC (+3).
   It protects you from fire.
   It protects you from cold.
   It protects you from poison.
Missiles
 b - 23 stones
Armour
 c - a +0 robe (worn)
 x - a +1 cloak of willpower (worn)
Jewellery
 s - the ring of the Hare {EV+8}
   (You found it in the Dungeon)

   [ring of evasion]

   It affects your evasion (+8).
 v - a +6 ring of intelligence (left hand)
 w - a +6 ring of intelligence (right hand)
 A - a ring of positive energy
Wands
 z - a wand of mindburst (7)
 B - a wand of acid (6)
Scrolls
 i - 4 scrolls of blinking
 n - 4 scrolls of amnesia
 o - 7 scrolls of fog
 p - a scroll of holy word
 q - 5 scrolls of identify
 u - a scroll of brand weapon
Potions
 a - 2 potions of brilliance
 d - 10 potions of curing
 e - 11 potions of heal wounds
 f - 6 potions of haste
 g - 7 potions of magic
 h - 3 potions of berserk rage
 j - 2 potions of invisibility
 k - 4 potions of resistance
 l - a potion of experience
 m - 5 potions of might
Miscellaneous
 r - a condenser vane
 t - a box of beasts
 y - a tin of tremorstones (2/2)
 C - a lightning rod (4/4)


   Skills:
 + Level 8.4 Dodging
 + Level 8.4 Stealth
 + Level 16.4 Spellcasting
 + Level 2.2 Conjurations
 + Level 5.7 Transmutations
 + Level 18.0 Earth Magic
 + Level 8.1 Evocations


You had 26 spell levels left.
You knew the following spells:

 Your Spells              Type           Power      Damage    Failure   Level
a - Sandblast             Erth           100%       2d20      0%          1
b - Passwall              Tmut/Erth      71%        N/A       0%          2
c - Stone Arrow           Conj/Erth      100%       3d13      1%          3
d - Lee's Rapid Deconstr  Erth           51%        3d25*     0%          5
e - Petrify               Tmut/Erth      86%        N/A       1%          4

Your spell library contained the following spells:

 Spells                   Type           Power      Damage    Failure   Level
 Conjure Flame            Conj/Fire      37%        6-21      1%          3
 Animate Skeleton         Necr           58%        N/A       1%          1
 Freeze                   Ice            100%       1d11      1%          1
 Sting                    Tmut/Pois      100%       1d8       1%          1
 Summon Small Mammal      Summ           100%       N/A       1%          1
 Call Imp                 Summ           29%        N/A       1%          2
 Poisonous Vapours        Pois/Air       58%        N/A       1%          2
 Frozen Ramparts          Ice            58%        1d7       1%          3
 Hailstorm                Conj/Ice       37%        3d9       2%          4
 Call Canine Familiar     Summ           29%        N/A       3%          3
 Ozocubu's Armour         Ice            29%        N/A       3%          3
 Summon Guardian Golem    Hex/Summ       29%        N/A       3%          3
 Vampiric Draining        Necr           14%        2d8       3%          3
 Summon Ice Beast         Ice/Summ       29%        N/A       12%         4
 Summon Lightning Spire   Summ/Air       29%        N/A       12%         4
 Agony                    Necr           29%        N/A       32%         5
 Metabolic Englaciation   Hex/Ice        14%        N/A       32%         5
 Death Channel            Necr           14%        N/A       88%         6


Dungeon Overview and Level Annotations

Branches:
Dungeon (1/1)

Altars:
Ashenzari
Cheibriados
Dithmenos
Elyvilon
Fedhas
Gozag
Hepliaklqana
Kikubaaqudgha
Makhleb
Nemelex Xobeh
Okawaru
Qazlal
Ru
Sif Muna
Trog
Uskayaw
Vehumet
Wu Jian
Xom
Yredelemnul
Zin
The Shining One
Beogh
Jiyva
Lugonu


Message History

The faun is almost dead.
The faun changes into a deep troll!
The deep elf annihilator casts a spell at you.
The bolt of lightning hits you!!!
Ouch! That really hurt!
* * * LOW HITPOINT WARNING * * *
Your Earth Magic skill increases to level 18!
Unknown command.
Unknown command.
Unknown command.
You feel much better.
Unknown command.
Casting: Lee's Rapid Deconstruction (safe; 0% risk of failure)
Confirm with . or Enter, or press ? or * to list all spells.
Aiming: Stone Arrow (safe; 1% risk of failure)
Press: ? - help, Shift-Dir - straight line, f - deep elf annihilator
Aim: a deep elf annihilator, wielding a +0 long sword (69% to hit)
The stone arrow hits the deep elf annihilator!!
The deep elf annihilator is moderately wounded.
The deep elf annihilator gestures at you while chanting.
The crystal spear hits you!
Casting: Stone Arrow (safe; 1% risk of failure)
Confirm with . or Enter, or press ? or * to list all spells.
Okay, then.
You feel much better. The deep elf annihilator misses you.
Unknown command.
Aiming: Corrosive Bolt
Press: ? - help, Shift-Dir - straight line, f/p - deep elf annihilator
Aim: a deep elf annihilator, wielding a +0 long sword (moderately wounded, 64% to hit)
The bolt of acid hits the deep elf annihilator!
The deep elf annihilator is splashed with acid.
The acid corrodes the deep elf annihilator!
The deep elf annihilator is heavily wounded.
The bolt of acid hits the deep troll!
The deep troll is splashed with acid.
The acid corrodes the deep troll!
The deep troll is severely wounded.
The deep elf annihilator gestures at you while chanting.
The crystal spear hits you!!!!
Ouch! That really hurt!
You die...

▓..?=}..▓
▓..)))..▓
▓...)...▓
▓.......▓
▓.......▓
▓...T...▓
▓...e...▓
▓...@...▓
▓▓▓▓▓▓▓▓▓


You could see a deep elf annihilator (corroded) and a deep troll shaped shifter
(corroded).

Vanquished Creatures
  A dancing weapon (D)
  2 deep elf knights (D)
  A deep elf zephyrmancer (D)
  2 draconians (D)
  4 toenail golems (D)
  A smoke demon (D)
  2 rime drakes (D)
  An efreet (D)
  A wyvern (D)
  2 acid dragons (D)
  A swamp drake (D)
  A necrophage (D)
  A wight (D)
  An iron imp (D)
  3 adders (D)
  2 ball pythons (D)
  A ball python zombie (D)
27 creatures vanquished.

Vanquished Creatures (others)
  A lurking horror (D)
1 creature vanquished.

Grand Total: 28 creatures vanquished

Notes
Turn   | Place    | Note
-------+----------+-------------------------------------------
     0 | D        | mhtbhm the Deep Elf Earth Elementalist began the quest for
                  | the Orb.
     0 | D        | Reached XP level 1. HP: 10/10 MP: 6/6
     0 | D        | Found a shimmering blue altar of Sif Muna.
     0 | D        | Found a bloodstained altar of Trog.
     0 | D        | Found a sacrificial altar of Ru.
     0 | D        | Found a stormy altar of Qazlal.
     0 | D        | Found an iron altar of Okawaru.
     1 | D        | Found a sparkling altar of Nemelex Xobeh.
     1 | D        | Found a blossoming altar of Fedhas.
     2 | D        | Found the +6 Majin-Bo {vamp, MP+6 Int+6}
     2 | D        | Found the +9 heavy crossbow "Sniper" {vorpal, Acc+∞ SInv}
     2 | D        | Found the +10 dark maul {vorpal}
     2 | D        | Found the +15 Maxwell's patent armour {-Cast -Tele rElec
                  | Will+ rCorr}
     2 | D        | Found the +18 shield of the Gong {rElec rN+ Will+ EV-5}
     2 | D        | Found the +14 obsidian axe {vorpal, Drain Fly SInv}
     2 | D        | Found the +7 great mace "Firestarter" {inner flame, rF++}
     2 | D        | Found the +6 shillelagh "Devastator" {shatter}
     2 | D        | Found the +11 plutonium sword {Contam Stlth-}
     2 | D        | Found the +8 lance "Wyrmbane" {slay drac, rPois rF+ rC+
                  | AC+3}
     2 | D        | Found the +9 sword of Zonguldrok {reap}
     2 | D        | Found the +13 scythe of Curses {drain, Drain}
     2 | D        | Found the +5 sword of Power {vorpal}
     2 | D        | Found the +7 mace of Variability {chain chaos}
     2 | D        | Found the +7 Singing Sword {vorpal, sonic wave}
     2 | D        | Found the +8 storm bow {elec, penet}
     3 | D        | Found a transporter.
     3 | D        | Found an ancient bone altar of Kikubaaqudgha.
     3 | D        | Found a viscous altar of Jiyva.
     3 | D        | Found a corrupted altar of Lugonu.
     3 | D        | Found a hazy altar of Hepliaklqana.
     3 | D        | Found a burning altar of Makhleb.
     3 | D        | Found an opulent altar of Gozag.
    37 | D        | Became a worshipper of Vehumet
    61 | D        | Entered arena 2.
    61 | D        | Noticed a draconian
    61 | D        | Noticed a draconian
    61 | D        | Found a transporter.
    80 | D        | Killed a draconian
    80 | D        | Killed a draconian
    81 | D        | Reached skill level 12 in Earth Magic
    81 | D        | Reached skill level 5 in Evocations
    81 | D        | Reached XP level 2. HP: 15/15 MP: 6/14
    81 | D        | Reached XP level 3. HP: 19/19 MP: 6/16
    81 | D        | Reached XP level 4. HP: 24/24 MP: 6/17
    81 | D        | Reached XP level 5. HP: 28/28 MP: 6/19
    81 | D        | Reached XP level 6. HP: 32/32 MP: 6/20
    81 | D        | Reached XP level 7. HP: 36/36 MP: 6/22
    84 | D        | Learned a level 2 spell: Passwall
    88 | D        | Learned a level 3 spell: Stone Arrow
    94 | D        | Learned a level 5 spell: Lee's Rapid Deconstruction
    99 | D        | Learned a level 4 spell: Petrify
   171 | D        | Entered arena 3.
   171 | D        | Found a transporter.
   172 | D        | Found the ring of the Hare {EV+8}
   173 | D        | Reached * piety under Vehumet
   173 | D        | Offered knowledge of Shock by Vehumet.
   176 | D        | Reached skill level 13 in Earth Magic
   290 | D        | Entered arena 4.
   290 | D        | Noticed a toenail golem
   290 | D        | Noticed a toenail golem
   290 | D        | Noticed a toenail golem
   290 | D        | Noticed a toenail golem
   290 | D        | Found a transporter.
   292 | D        | Killed a toenail golem
   292 | D        | Reached ** piety under Vehumet
   293 | D        | Reached skill level 10 in Spellcasting
   293 | D        | Reached XP level 8. HP: 41/41 MP: 12/24
   294 | D        | Killed a toenail golem
   294 | D        | Killed a toenail golem
   295 | D        | Reached skill level 1 in Conjurations
   295 | D        | Reached skill level 15 in Earth Magic
   295 | D        | Killed a toenail golem
   295 | D        | Reached *** piety under Vehumet
   296 | D        | Reached XP level 9. HP: 36/45 MP: 2/27
   418 | D        | Entered arena 5.
   418 | D        | Noticed an efreet
   418 | D        | Noticed a smoke demon
   418 | D        | Found a transporter.
   421 | D        | Killed an efreet
   421 | D        | Offered knowledge of Searing Ray by Vehumet.
   422 | D        | Killed a smoke demon
   423 | D        | Reached skill level 16 in Earth Magic
   673 | D        | Entered arena 6.
   673 | D        | Found a transporter.
   675 | D        | Offered knowledge of Static Discharge by Vehumet.
   675 | D        | Reached **** piety under Vehumet
   775 | D        | Got the Tome of Contamination and Evil Arts
   881 | D        | Entered arena 7.
   881 | D        | Noticed a rime drake
   881 | D        | Noticed a rime drake
   884 | D        | Offered knowledge of Olgreb's Toxic Radiance by Vehumet.
   884 | D        | Reached ***** piety under Vehumet
   884 | D        | Killed a rime drake
   884 | D        | Killed a rime drake
  1053 | D        | Found a transporter.
  1064 | D        | Entered arena 8.
  1064 | D        | Noticed an anaconda
  1064 | D        | Noticed a +4 antimagic short sword
  1064 | D        | Noticed a deep elf knight
  1064 | D        | Noticed a deep elf knight
  1064 | D        | Noticed a deep elf zephyrmancer
  1064 | D        | Noticed a deep elf annihilator
  1066 | D        | Killed a +4 antimagic short sword
  1066 | D        | Offered knowledge of Conjure Flame by Vehumet.
  1067 | D        | Reached skill level 15 in Spellcasting
  1067 | D        | Reached skill level 17 in Earth Magic
  1067 | D        | Reached XP level 10. HP: 42/50 MP: 20/31
  1067 | D        | Killed a deep elf knight
  1067 | D        | Killed a deep elf knight
  1067 | D        | Reached ****** piety under Vehumet
  1067 | D        | Noticed a faun
  1067 | D        | an anaconda changed into a faun
  1068 | D        | Reached skill level 5 in Transmutations
  1068 | D        | Killed a deep elf zephyrmancer
  1068 | D        | Noticed a deep troll
  1068 | D        | a faun changed into a deep troll
  1068 | D        | HP: 2/50 [deep elf annihilator/bolt of lightning (40)]
  1069 | D        | Reached skill level 18 in Earth Magic
  1072 | D        | Killed from afar by a deep elf annihilator

Illustrated notes

Levels and vault maps discovered:
D:        sprint_v [room_start, room_1, room_2, room_3, room_4, room_5, room_6,
          room_7, room_8, room_9, room_10, room_11, room_12, room_13, room_14,
          room_15, room_16, room_17, room_18, room_19, room_20, room_21,
          room_22, room_23, room_24, room_25, room_26, room_27]

Skill      XL: |  1  2  3  4  5  6  7  8  9 10 |
---------------+-------------------------------+-----
Dodging        | 7 8 |  8.4
Stealth        | 6 7 8 |  8.4
Spellcasting   | 9 10 12 15 16 | 16.4
Earth Magic    | 12 13 15 17 18 | 18.0
Evocations     | 5 6 7 8 |  8.1
Transmutations | 2 3 4 5 |  5.7
Conjurations   | 1 2 |  2.2

Action                   |  1- 3 |  4- 6 |  7- 9 | 10-12 || total
-------------------------+-------+-------+-------+-------++-------
 Cast: Lee's Rapid Decon |       |       |    10 |     2 ||    12
       Petrify           |       |       |     7 |       ||     7
       Stone Arrow       |       |       |     2 |     1 ||     3
       Sandblast         |       |       |     7 |       ||     7
Evoke: Wand              |     7 |       |       |     1 ||     8
       Lightning rod     |     3 |       |       |       ||     3
       Condenser vane    |       |       |     2 |       ||     2
  Use: Scroll            |     2 |       |       |       ||     2
       Potion            |       |       |     1 |     2 ||     3
Armor: Robe              |       |       |     3 |       ||     3
Dodge: Dodged            |       |       |     5 |     1 ||     6

Table legend: (Time is in decaauts)
 A = Elapsed time spent in this place.
 B = Non-inter-level travel time spent in this place.
 C = Inter-level travel time spent in this place.
 D = Time resting spent in this place.
 E = Time spent auto-exploring this place.
 F = Levels seen in this place.
 G = Mean time per level.
                   A        B        C        D        E       F      G
               +--------+--------+--------+--------+--------+-----+--------+
         Total |   1070 |   1070 |      0 |    859 |      0 |   1 | 1070.0 |
       Dungeon |   1070 |   1070 |      0 |    859 |      0 |   1 | 1070.0 |
               +--------+--------+--------+--------+--------+-----+--------+

Top non-repeatable levels by time:
       D: 1070 daAuts
